 Dungeon Crawl Stone Soup version 0.30-a0-883-g5ad918d77d (webtiles) character file.

Game seed: 14086724356364097463

1643 cheesebisquit the Arsonist (level 8, -4/68 HPs)
             Began as a Pale Draconian Fire Elementalist on Mar 15, 2023.
             Was an Initiate of Vehumet.
             Slain by a gnoll sergeant
             ... wielding a +0 trident
              (11 damage)
             ... on level 7 of the Dungeon.
             The game lasted 00:36:31 (6864 turns).

cheesebisquit the Arsonist (DrFE)                   Turns: 6864, Time: 00:36:31

Health: -4/68      AC:  7    Str: 12    XL:     8   Next: 67%
Magic:  14/15      EV: 12    Int: 17    God:    Vehumet [......]
Gold:   469        SH:  0    Dex: 11    Spells: 3/16 levels left

rFire   + . .      SeeInvis .    e - +0 morningstar
rCold   . . .      Faith    .    (no shield)
rNeg    . . .      Spirit   .    (body armour unavailable)
rPois   .          Reflect  .    (helmet restricted)
rElec   .          Rampage  .    o - +0 cloak
rCorr   .                        (no gloves)
Will    .....                    (no boots)
Stlth   ++                       j - amulet of magic regeneration
HPRegen 0.31/turn                a - ring of protection from fire
MPRegen 0.54/turn                (no ring)

@: lethally poisoned (-4 -> -10)
A: breathe steam, AC +6, unfitting armour, cold-blooded, steam resistance
a: Breathe Steam, Renounce Religion


You were on level 7 of the Dungeon.
You worshipped Vehumet.
Vehumet was noncommittal.
You visited 2 branches of the dungeon, and saw 8 of its levels.

You collected 469 gold pieces.

Inventory:

Hand Weapons
 e - a +0 morningstar (weapon)
Missiles
 u - 9 poisoned darts
Armour
 c - a scarf of invisibility
 o - a +0 cloak (worn)
Jewellery
 a - a ring of protection from fire (left hand)
 j - an amulet of magic regeneration (around neck)
 q - an amulet of the acrobat
Wands
 p - a wand of polymorph (3)
 y - a wand of flame (13)
Scrolls
 b - 3 scrolls of magic mapping
 g - a scroll of brand weapon {unknown}
 h - 2 scrolls of teleportation
 i - a scroll of fear {unknown}
 l - a scroll of immolation {unknown}
 n - 2 scrolls of blinking
 t - a scroll of enchant weapon {unknown}
 v - a scroll of amnesia {unknown}
Potions
 d - 4 potions of curing
 f - a potion of cancellation
 k - 3 potions of lignification
 m - a potion of flight
 r - a potion of might
 s - a potion of berserk rage
 w - a potion of invisibility
 z - a potion of attraction {unknown}
 A - a potion of ambrosia {unknown}


   Skills:
 + Level 5.1 Fighting
 - Level 1.7 Dodging
 - Level 1.7 Stealth
 + Level 4.9 Spellcasting
 - Level 4.8 Conjurations
 * Level 8.3 Fire Magic


You had 3 spell levels left.
You knew the following spells:

 Your Spells              Type           Power      Damage    Failure   Level
a - Kindle Blastsparks    Fire/Tloc/Air  26%        2d12      14%         3
b - Foxfire               Conj/Fire      100%       2x1d9     1%          1
c - Inner Flame           Hex/Fire       18%        N/A       8%          3
d - Flame Wave            Conj/Fire      26%        2d8       10%         4
z - Scorch                Fire           64%        2d8       1%          2

Your spell library contained the following spells:

 Spells                   Type           Power      Damage    Failure   Level
 Shock                    Conj/Air       48%        1d6       5%          1
 Beastly Appendage        Tmut           8%         N/A       14%         1
 Wereblood                Tmut           4%         N/A       22%         2
 Spider Form              Tmut/Pois      4%         N/A       41%         3
 Swiftness                Air            4%         N/A       41%         3
 Airstrike                Air            2%         2d(1-17)  82%         4
 Irradiate                Conj/Tmut      6%         3d13      83%         5
 Blade Hands              Tmut           2%         N/A       99%         5
 Iron Shot                Conj/Erth      6%         9d2       100%        6
 Dragon Form              Tmut           2%         N/A       100%        7
 Animate Armour           Summ/Erth      Unusable   N/A       N/A         4

Dungeon Overview and Level Annotations

Branches:
Dungeon (7/15)             Temple (1/1) D:6

Altars:
Ashenzari
Cheibriados
Dithmenos
Fedhas
Gozag
Hepliaklqana
Kikubaaqudgha
Makhleb
Okawaru
Qazlal
Ru
Sif Muna
Trog
Uskayaw
Vehumet
Wu Jian
Xom
Yredelemnul
Zin
The Shining One


Innate Abilities, Weirdness & Mutations

You can breathe blasts of scalding, opaque steam.
Your pale cyan-grey scales are hard. (AC +6)
You cannot fit into any form of body armour.
You are cold-blooded and may be slowed by cold attacks.
You are immune to the effects of steam.


Message History

Press: ? - help, Dir - move target A bullfrog comes into view.
Found 17 gold pieces.
As you read the scroll of blinking, it crumbles to dust.
The bullfrog gives a loud, deep croak!
A gnoll sergeant comes into view. It is wielding a +0 trident.
The bullfrog hits you.
* * * LOW HITPOINT WARNING * * *
You are too injured to fight recklessly!
Casting: Foxfire (safe; 1% risk of failure)
Press: ? - help, Q - select action, (/) - cycle Dir - look around, f - activate You conjure some foxfire!
The gnoll sergeant shouts!
The bullfrog misses you.
Casting: Foxfire (safe; 1% risk of failure)
Confirm with . or Enter, or press ? or * to list all spells.
Flames lash the bullfrog.
The bullfrog is heavily wounded.
The bullfrog's fire resistance burns away.
The foxfire hits the bullfrog.
The bullfrog is burned terribly!
The bullfrog is heavily wounded.
The foxfire hits the bullfrog!
The bullfrog is burned terribly!
The bullfrog is almost dead.
The bullfrog closely misses you. The killer bee closely misses you.
The bullfrog closely misses you.
The killer bee attacks as you move away!
The killer bee barely misses you. The killer bee stings you.
* * * LOW HITPOINT WARNING * * *
The bullfrog attacks as you move away! The bullfrog closely misses you.
Your attacks no longer feel as feeble.
The killer bee stings you but does no damage.
The bullfrog hits you.
* * * LOW HITPOINT WARNING * * *
The killer bee attacks as you move away!
The killer bee closely misses you. The killer bee stings you.
* * * LOW HITPOINT WARNING * * *
You are poisoned.
The killer bee poisons you!
The gnoll sergeant hits you from afar with a +0 trident!
You die...

# #F..#...#...#...#.#
#...... ...
...............#
#......
....#..g#..F#...#.....
#...... ...o
$#...#$#...#!#...
#...... ..l# .
#...#o..#...#.#
#......
..............#
#......
....#g........#
#...... ##.
#..yF.....# #......
#..@......# #......
#.........# #......
#.........# #......
#.........# #......
#.........# #......
#.........#..#......
#.........#..#......
#.........#..#......
#.........#..#......


You could see a gnoll sergeant, 2 bullfrogs, a killer bee, an orc wizard and a
gnoll (swift).

Vanquished Creatures
  A wyvern (D:6)
  A water moccasin (D:6)
  2 ice beasts
  A black bear (D:4)
  2 ogres (D:5)
  A centaur (D:5)
  A phantom (D:4)
  A bullfrog (D:7)
  A wight (D:6)
  A scorpion (D:5)
  A howler monkey (D:4)
  3 hounds (D:6)
  2 jellies
  An orc priest (D:7)
  A gnoll bouda (D:6)
  2 iguanas
  An orc wizard (D:4)
  2 sleepcaps (D:6)
  7 adders
  8 gnolls
  A shadow imp (D:6)
  3 ufetubi (D:4)
  2 worms
  2 dart slugs (D:2)
  13 orcs
  3 endoplasms
  A giant cockroach (D:3)
  9 goblins
  4 hobgoblins
  7 kobolds
  6 quokkas
  8 ball pythons
  10 bats
  5 frilled lizards
  10 rats
124 creatures vanquished.

Vanquished Creatures (others)
  317 foxfires
317 creatures vanquished.

Grand Total: 441 creatures vanquished

Notes
Turn   | Place    | Note
-------+----------+-------------------------------------------
     0 | D:1      | cheesebisquit the Draconian Fire Elementalist began the
                  | quest for the Orb.
     0 | D:1      | Reached XP level 1. HP: 14/14 MP: 3/3
   267 | D:1      | Reached XP level 2. HP: 22/22 MP: 1/5
   668 | D:1      | Reached skill level 1 in Fighting
   911 | D:2      | Reached XP level 3. HP: 24/28 MP: 1/6
   992 | D:1      | Learned a level 2 spell: Scorch
   996 | D:1      | Learned a level 3 spell: Inner Flame
  1077 | D:2      | Found a glowing golden altar of the Shining One.
  1153 | D:2      | Reached XP level 4. HP: 35/35 MP: 3/7
  2093 | D:3      | Reached skill level 4 in Fire Magic
  3289 | D:4      | Reached XP level 5. HP: 41/41 MP: 5/9
  3341 | D:4      | Learned a level 3 spell: Kindle Blastsparks
  3484 | D:4      | Noticed a black bear
  3495 | D:4      | Killed a black bear
  3496 | D:4      | Reached XP level 6. HP: 37/50 MP: 0/10
  3867 | D:4      | Reached skill level 5 in Fire Magic
  4168 | D:4      | Found a snail-covered altar of Cheibriados.
  4361 | D:5      | Entered Level 5 of the Dungeon
  4375 | D:5      | Noticed an ice beast
  4383 | D:5      | Killed an ice beast
  4384 | D:5      | Your scales start taking on a pale cyan-grey colour.
  4384 | D:5      | Reached skill level 6 in Fire Magic
  4384 | D:5      | Reached XP level 7. HP: 57/57 MP: 7/12
  4384 | D:5      | Gained mutation: You are immune to the effects of steam.
                  | [Pale Draconian growth]
  4389 | D:5      | Learned a level 4 spell: Flame Wave
  4490 | D:5      | Found a radiant altar of Vehumet.
  4909 | D:6      | Reached skill level 7 in Fire Magic
  4913 | D:6      | You fall into a shaft and drop 1 floor!
  5047 | D:7      | Reached XP level 8. HP: 66/66 MP: 11/14
  5127 | D:6      | Found a shimmering altar of Xom.
  5155 | D:6      | Found a shimmering altar of Xom.
  5155 | D:6      | Found a shimmering altar of Xom.
  5156 | D:6      | Found a shimmering altar of Xom.
  5157 | D:6      | Found a shimmering altar of Xom.
  5159 | D:6      | Found a shimmering altar of Xom.
  5159 | D:6      | Found a shimmering altar of Xom.
  5176 | D:6      | Found a staircase to the Ecumenical Temple.
  5192 | Temple   | Entered the Ecumenical Temple
  6014 | D:5      | Found a shimmering blue altar of Sif Muna.
  6014 | D:5      | Found a hide-covered altar of Uskayaw.
  6025 | D:5      | Became a worshipper of Vehumet
  6132 | D:6      | Found a shimmering altar of Xom.
  6147 | D:6      | Found a staircase to the Ecumenical Temple.
  6329 | D:6      | Found a shimmering altar of Xom.
  6488 | D:6      | Reached skill level 5 in Fighting
  6488 | D:6      | Reached skill level 8 in Fire Magic
  6853 | D:7      | Noticed a cyclops
  6864 | D:7      | Slain by a gnoll sergeant

Illustrated notes

Levels and vault maps discovered:
D:1:      minmay_arrival_four_circles, layout_loops_ring,
          hangedman_decor_clover_reticule, grunt_decor_cap
D:2:      cheibrodos_helix_gallery, layout_rooms, basic_altar
D:3:      layout_rooms, serial_aquarium, aquarium_bridge_square
          [aquarium_subvault_bridge, aquarium_subvault_bridge,
          aquarium_subvault_wall, aquarium_subvault_balcony],
          aquarium_bridge_island_small [aquarium_subvault_small_open,
          aquarium_subvault_wall, aquarium_subvault_bridge,
          aquarium_subvault_bridge, aquarium_subvault_window],
          aquarium_window_fake, aquarium_window_2, aquarium_window_2,
          aquarium_view_2e, aquarium_view_2e, aquarium_balcony_3a,
          aquarium_pool_1, kennysheep_big_empty_room
D:4:      nicolae_cairo_tiling_very_big, layout_basic, slow_altar_2
D:5:      layout_rooms, nicolae_overflow_hidden_temple, reono_crystal_passage
D:6:      layout_loops_cross, nicolae_xom_altar_mimics,
          minmay_temple_entry_drinking_statues
D:7:      cheibrodos_fzero, layout_gridville, uniq_crazy_yiuf_cottage
Temple:   nicolae_temple_bog_church

Skill      XL: |  1  2  3  4  5  6  7  8 |
---------------+-------------------------+-----
Fighting       | 1 2 3 4 5 |  5.1
Conjurations   | 2 3 4 |  4.8
Fire Magic     | 4 6 7 8 |  8.3
Spellcasting   | 3 4 |  4.9
Dodging        | |  1.7
Stealth        | |  1.7

Action                     |  1- 3 |  4- 6 |  7- 9 || total
---------------------------+-------+-------+-------++-------
  Melee: Morningstar       |    29 |    11 |    17 ||    57
         Tailslap          |     2 |     1 |     4 ||     7
         Trident           |     1 |       |       ||     1
         Unarmed           |     1 |       |       ||     1
         Punch             |     1 |       |       ||     1
   Cast: Foxfire           |    42 |    76 |    63 ||   181
         Scorch            |       |    40 |    40 ||    80
    Use: Potion            |       |     3 |     1 ||     4
         Scroll            |       |       |    13 ||    13
 Armour: Skin              |    13 |    10 |    20 ||    43
  Dodge: Dodged            |    31 |    33 |    51 ||   115

Table legend: (Time is in decaauts)
 A = Elapsed time spent in this place.
 B = Non-inter-level travel time spent in this place.
 C = Inter-level travel time spent in this place.
 D = Time resting spent in this place.
 E = Time spent auto-exploring this place.
 F = Levels seen in this place.
 G = Mean time per level.
                   A        B        C        D        E       F      G
               +--------+--------+--------+--------+--------+-----+--------+
         Total |   6902 |   6420 |    482 |    259 |   5095 |   8 |  862.8 |
       Dungeon |   6690 |   6230 |    460 |    259 |   4917 |   7 |  955.7 |
        Temple |    211 |    189 |     22 |      0 |    178 |   1 |  211.0 |
               +--------+--------+--------+--------+--------+-----+--------+

Top non-repeatable levels by time:
     D:6: 1473 daAuts
     D:4: 1235 daAuts
     D:3: 1183 daAuts
     D:2: 999 daAuts
     D:1: 992 daAuts
     D:5: 613 daAuts
  Temple: 211 daAuts
     D:7: 192 daAuts
